 Dungeon Crawl Stone Soup version 0.31.0-1-g2c135a008e (webtiles) character file.

Game seed: 4919898743799198271

810 qw the Shooter (level 8, -3/58 HPs)
             Began as a Djinni Hunter on Jan 24, 2024.
             Slain by Edmund
             ... wielding a +1 flail of protection
              (9 damage)
             ... on level 5 of the Dungeon.
             The game lasted 00:00:14 (3345 turns).

qw the Shooter (Djinni Hunter)                      Turns: 3345, Time: 00:00:15

Health: -3/58      AC:  7    Str: 10    XL:     8   Next: 15%
Gold:   137        EV: 14    Int: 11    God:
                   SH:  0    Dex: 25

rFire   + + .        g - +2 shortbow (freeze)
rCold   . . .        (shield currently unavailable)
rNeg    . . .        c - +0 leather armour
rPois   inf          (no helmet)
rElec   .            (no cloak)
rCorr   .            (no gloves)
SInv    .            (boots unavailable)
Will    .....        (no amulet)
Stlth   ++           i - +4 ring of protection
HPRegen 0.29/turn    b - ring of the Piercing Coward {rC+ Dex+6}
MPRegen 0.00/turn

%: infuse magic (-4 HP)
@: flying
A: sickness immunity, fire resistance 2, cold vulnerability 1, float, innate
caster, HP casting, extra vitality 1
a: no special abilities


You were on level 5 of the Dungeon.
You visited 1 branch of the dungeon, and saw 5 of its levels.

You collected 209 gold pieces.
You spent 72 gold pieces at shops.


Innate Abilities, Weirdness & Mutations

You are immune to sickness and miasma.
You are immune to poison.
Your flesh is very heat resistant. (rF++)
You are vulnerable to cold. (rC-)
You float through the air rather than walking.
You learn spells naturally, not from books.
Your magical power is your life essence.
You have superior vitality. (+4 MHP)


   Skills:
 - Level 4.0 Fighting
 - Level 6.8 Ranged Weapons
 + Level 4.1 Dodging
 - Level 0.7 Stealth


You knew the following spells:

 Your Spells              Type           Power      Damage    Failure   Level
a - Slow                  Hex            0%         N/A       43%         1
b - Blink                 Tloc           0%         N/A       58%         2
c - Vampiric Draining     Necr           0%         2d6       82%         3
Your spell library was empty.

Inventory:

Hand Weapons
 g - a +2 shortbow of freezing (weapon)
Armour
 c - a +0 leather armour (worn)
Jewellery
 b - the ring of the Piercing Coward (right hand) {rC+ Dex+6}
   (You acquired it on level 2 of the Dungeon)

   [ring of dexterity]

   Dex+6:     It affects your dexterity (+6).
   rC+:       It protects you from cold.
 i - a +4 ring of protection (left hand)
Wands
 k - a wand of quicksilver (8)
 l - a wand of iceblast (9)
Scrolls
 e - a scroll of enchant armour
Potions
 d - a potion of haste
 f - 3 potions of curing

Dungeon Overview and Level Annotations

Branches:
Dungeon (5/15)
 Temple: D:4-7

Altars:
Zin

Shops:
D:3 !

Annotations:
D:3 1 runed translucent door, Crazy Yiuf
D:5 Edmund


Message History

You feel much better. The white imp gestures at you.
The puff of frost misses you.
Edmund grinds his teeth, and then sighs.
Edmund closely misses you. The white imp gestures at you.
The puff of frost hits you.
You shoot an arrow.
The arrow hits the white imp but does no damage.
The white imp is almost dead.
The white imp misses you. The white imp gestures at you.
The puff of frost hits you! Edmund completely misses you.
The white imp closely misses you. x2
Edmund hits you with a +1 flail of protection.
You shoot an arrow. The arrow barely misses the white imp.
The white imp hits you but does no damage.
The white imp completely misses you. Edmund closely misses you.
You shoot an arrow. The arrow hits the white imp!
You kill the white imp!
Edmund hits you with a +1 flail of protection.
The white imp barely misses you.
You shoot an arrow. The arrow barely misses Edmund.
Edmund hits you with a +1 flail of protection.
The white imp hits you. The white imp freezes you.
3342 ||| DRINKING potion of heal wounds.
You feel much better. Edmund completely misses you.
The white imp gestures at you. The puff of frost hits you!
You shoot an arrow. The arrow closely misses Edmund.
Edmund hits you with a +1 flail of protection.
The white imp hits you but does no damage.
You shoot an arrow. The arrow closely misses Edmund.
Edmund hits you with a +1 flail of protection!
The white imp misses you.
You shoot an arrow. The arrow barely misses Edmund.
Edmund hits you with a +1 flail of protection!
You die...
Edmund whines, "They better pay attention to me now!"

#....#####...# .
#.......#.....
..#####..#.........#
.........###...##
.......#.##<....##
#...#.........#
#...#.#.#...##
###...####.## #@.###
..# ......5.@# ..#
........<.. ..#
............. .#
.?.............
#.......#.....#
###...........#
####..#.....#


You could see Edmund and a white imp.

Vanquished Creatures
  Pikel (D:4)
  A howler monkey (D:4)
  A sleepcap (D:4)
  2 hounds (D:4)
  2 iguanas
  3 gnolls (D:2)
  5 adders
  A white imp (D:5)
  An ufetubus (D:5)
  3 dart slugs
  An orc (D:4)
  5 bats
  9 endoplasms
  3 giant cockroaches
  7 goblins
  6 hobgoblins
  14 jackals
  6 kobolds
  6 quokkas
  8 ball pythons
  5 frilled lizards
  A rat (D:3)
91 creatures vanquished.

Notes
Turn   | Place    | Note
-------+----------+-------------------------------------------
     0 | D:1      | qw the Djinni Hunter began the quest for the Orb.
     0 | D:1      | Reached XP level 1. HP: 18/18 MP: 0/0
     0 | D:1      | 0 ||| qw: Version: 0.3-a-136-gdd3b4e8
     0 | D:1      | 0 ||| qw: Game counter: 1347
     0 | D:1      | 0 ||| qw: Melee chars always use a shield: true
     0 | D:1      | 0 ||| qw: God list: Okawaru
     0 | D:1      | 0 ||| qw: Allow faded altars: false
     0 | D:1      | 0 ||| qw: Do Orc after clearing Dungeon:15 true
     0 | D:1      | 0 ||| qw: Do second Lair branch before Depths: true
     0 | D:1      | 0 ||| qw: Lair rune preference: random
     0 | D:1      | 0 ||| qw: Goals: Normal
     0 | D:1      | 0 ||| PLANNING D:1-11
    83 | D:1      | Reached XP level 2. HP: 23/23 MP: 0/0
   237 | D:1      | Reached XP level 3. HP: 28/28 MP: 0/0
   237 | D:1      | Learned a level 1 spell: Slow
   261 | D:1      | Reached skill level 4 in Ranged Weapons
   684 | D:1      | 684 ||| UPGRADING to +4 ring of protection.
   685 | D:1      | 685 ||| READING 3 scrolls labelled HEXUS JEH FADU.
   685 | D:1      | 685 ||| IDENTIFYING golden potion
   686 | D:1      | 686 ||| READING 2 scrolls of identify.
   686 | D:1      | 686 ||| IDENTIFYING scroll labelled ASIURGH DOPITH
   687 | D:1      | 687 ||| READING scroll of identify.
   687 | D:1      | 687 ||| IDENTIFYING scroll labelled ROSESK ENIW
   688 | D:1      | 688 ||| READING scroll labelled UTHUNE GIESAIS.
   689 | D:1      | 689 ||| DROPPING scroll of butterflies.
   690 | D:1      | 690 ||| DROPPING scroll of fear.
   691 | D:1      | 691 ||| DROPPING potion of attraction.
   770 | D:2      | 770 ||| RETREEEEATING.
   777 | D:2      | 777 ||| RETREEEEATING.
   780 | D:2      | Reached skill level 3 in Fighting
   780 | D:2      | Reached XP level 4. HP: 11/35 MP: 0/0
   781 | D:2      | HP: 8/35 [jackal (2)]
   787 | D:2      | HP: 8/35 [jackal (1)]
  1072 | D:2      | Reached skill level 3 in Dodging
  1706 | D:2      | 1706 ||| READING scroll of identify.
  1706 | D:2      | 1706 ||| IDENTIFYING scroll labelled BUINGU XIMO
  1706 | D:2      | Identified a scroll of acquirement
  1707 | D:2      | 1707 ||| READING scroll of acquirement.
  1707 | D:2      | 1707 ||| ACQUIRING ring of the Piercing Coward {rC+ Dex+6}
  1707 | D:2      | Acquired the ring of the Piercing Coward {rC+ Dex+6}
  1709 | D:2      | 1709 ||| UPGRADING to ring of the Piercing Coward {rC+
                  | Dex+6}.
  1710 | D:2      | 1710 ||| READING scroll labelled IBICODW CIALY.
  1711 | D:2      | 1711 ||| READING 2 scrolls labelled XEESMU AWASSAW.
  1774 | D:2      | 1774 ||| DROPPING scroll of torment.
  1935 | D:3      | 1935 ||| READING scroll labelled YQOPAE VIOCURR.
  1967 | D:3      | 1967 ||| READING scroll labelled ISECWI NYTS.
  1971 | D:3      | Found Beapty's Distillery.
  1982 | D:3      | 1982 ||| BUYING potion of curing (36 gold).
  1982 | D:3      | Bought a potion of curing for 36 gold pieces
  1982 | D:3      | 1982 ||| BUYING potion of curing (36 gold).
  1982 | D:3      | Bought a potion of curing for 36 gold pieces
  1982 | D:3      | 1982 ||| SHOPLISTING potion of enlightenment (60 gold, have
                  | 14).
  1982 | D:3      | 1982 ||| SHOPLISTING potion of heal wounds (60 gold, have
                  | 14).
  1987 | D:3      | Reached XP level 5. HP: 40/40 MP: 0/0
  1987 | D:3      | Learned a level 2 spell: Blink
  2025 | D:3      | 2025 ||| SWAPPING to +2 shortbow of freezing.
  2026 | D:3      | 2026 ||| DROPPING +0 shortbow.
  2234 | D:3      | Found a runed translucent door.
  2235 | D:3      | Noticed Crazy Yiuf
  2507 | D:3      | 2507 ||| READING scroll of identify.
  2507 | D:3      | 2507 ||| IDENTIFYING white potion
  2608 | D:4      | Reached XP level 6. HP: 37/46 MP: 0/0
  2690 | D:4      | Noticed Pikel
  2691 | D:4      | 2691 ||| RETREEEEATING.
  2692 | D:4      | 2692 ||| RETREEEEATING.
  2693 | D:4      | 2693 ||| RETREEEEATING.
  2695 | D:4      | 2695 ||| RETREEEEATING.
  2697 | D:4      | 2697 ||| RETREEEEATING.
  2699 | D:4      | 2699 ||| RETREEEEATING.
  2711 | D:4      | HP: 10/46 [Pikel/+1 whip of freezing (5)]
  2712 | D:4      | HP: 4/46 [Pikel/+1 whip of freezing (1)]
  2714 | D:4      | Killed Pikel
  2715 | D:4      | Reached skill level 6 in Ranged Weapons
  2715 | D:4      | Reached XP level 7. HP: 5/50 MP: 0/0
  2715 | D:4      | Learned a level 3 spell: Vampiric Draining
  2885 | D:4      | Reached XP level 8. HP: 56/56 MP: 0/0
  3137 | D:4      | Found a glowing silver altar of Zin.
  3252 | D:4      | 3252 ||| READING 2 scrolls of identify.
  3252 | D:4      | 3252 ||| IDENTIFYING 2 amethyst potions
  3253 | D:4      | 3253 ||| READING scroll of identify.
  3253 | D:4      | 3253 ||| IDENTIFYING scroll labelled SEUPOWN VAICOWIU
  3254 | D:4      | 3254 ||| DROPPING scroll of revelation.
  3273 | D:5      | Entered Level 5 of the Dungeon
  3327 | D:5      | Noticed Edmund
  3336 | D:5      | HP: 12/58 [Edmund/+1 flail of protection (12)]
  3337 | D:5      | 3337 ||| DRINKING 2 potions of heal wounds.
  3341 | D:5      | HP: 11/58 [Edmund/+1 flail of protection (6)]
  3342 | D:5      | 3342 ||| DRINKING potion of heal wounds.
  3344 | D:5      | HP: 5/58 [Edmund/+1 flail of protection (7)]
  3345 | D:5      | Slain by Edmund

Levels and vault maps discovered:
D:1:      lightli_arrival_statuegarden, layout_basic
D:2:      layout_loops_corners, serial_forest, infiniplex_forest_clump_tiny,
          infiniplex_forest_straight_4, infiniplex_forest_lined_ring,
          infiniplex_forest_zigzag_1, infiniplex_forest_split,
          infiniplex_forest_straight_5, infiniplex_forest_end_3,
          nicolae_the_louvre
D:3:      layout_basic, serial_shops, shop_fountains, minmay_misc_feat_ornament,
          minmay_checkerbox, uniq_crazy_yiuf_cottage
D:4:      layout_basic, zin_scriptorium, uniq_pikel
D:5:      layout_cave_pools, minmay_temple_entry_large_hall, serial_demonic,
          serial_demonic_g, serial_demonic_g, serial_demonic_f,
          serial_demonic_d, serial_demonic_e, serial_demonic_a,
          serial_demonic_b, serial_library_hellmonk_layered_room,
          uniq_eustachio, uniq_edmund, uniq_sigmund, uniq_blork_the_orc

Skill      XL: |  1  2  3  4  5  6  7  8 |
---------------+-------------------------+-----
Ranged Weapons | 4 6 |  6.8
Fighting       | 3 4 |  4.0
Dodging        | 3 4 |  4.1
Stealth        | |  0.7

Action                     |  1- 3 |  4- 6 |  7- 9 || total
---------------------------+-------+-------+-------++-------
   Fire: Shortbow          |    83 |   135 |    47 ||   265
    Use: Scroll            |     4 |     7 |     2 ||    13
         Potion            |       |       |     2 ||     2
 Armour: Leather armour    |    30 |    35 |    27 ||    92
  Dodge: Dodged            |    30 |    57 |    27 ||   114

Table legend:
 A = Non-vault XP
 B = Vault XP
 C = Vault XP percentage of total XP
 D = Non-vault monster count
 E = Vault monster count
 F = Vault count percentage of total count
                 A         B        C        D         E       F
            +---------+---------+-------+---------+---------+-------
      Total |     480 |     678 |  58.5 |      84 |       7 |   7.7
            +---------+---------+-------+---------+---------+-------
        D:1 |      49 |       0 |   0.0 |      26 |       0 |   0.0
        D:2 |      78 |       0 |   0.0 |      18 |       0 |   0.0
        D:3 |      38 |      19 |  33.3 |      14 |       4 |  22.2
        D:4 |     278 |     641 |  69.7 |      25 |       1 |   3.8
        D:5 |      37 |      18 |  32.7 |       1 |       2 |  66.7
            +---------+---------+-------+---------+---------+-------
